 Dungeon Crawl Stone Soup version 0.31-a0-851-g7ff8af7976 (webtiles) character file.

Game seed: 3835469605652780460

2492 RepoMan the Martial Artist (level 9, -2/81 HPs)
             Began as a Tengu Shapeshifter on Oct 7, 2023.
             Was an Initiate of Wu Jian.
             Slain by a killer bee (4 damage)
             ... on level 7 of the Dungeon.
             The game lasted 00:43:22 (5707 turns).

RepoMan the Martial Artist (Tengu Shapeshifter)     Turns: 5707, Time: 00:43:23

Health: -2/81      AC: 24    Str: 26    XL:     9   Next: 52%
Magic:  10/10      EV:  2    Int: 11    God:    Wu Jian [......]
Gold:   120        SH:  5    Dex: 18    Spells: 8/8 levels left

rFire   . .          .
                       - Unarmed
rCold   . . .        (no shield)
rNeg    . . .        q - melded +2 robe {Will+}
rPois   +            (helmet currently unavailable)
rElec   .            (cloak currently unavailable)
rCorr   .            (gloves currently unavailable)
SInv    .            (boots unavailable)
Will    .....        v - amulet of reflection
Stlth   +++          C - +6 ring of strength
HPRegen 0.33/turn    n - +6 ring of strength
MPRegen 0.12/turn

%: reflection, acrobat
@: tree-form, weak-willed
A: stationary, stasis, torment immunity, boosted hp, (beak), (talons 3), evasive
flight, acrobatic
a: Renounce Religion


You were on level 7 of the Dungeon.
You worshipped Wu Jian.
Wu Jian was noncommittal.
You were a tree.
You visited 2 branches of the dungeon, and saw 8 of its levels.

You collected 281 gold pieces.
You spent 161 gold pieces at shops.

Inventory:

Missiles
 g - 28 stones
 o - 10 boomerangs (quivered)
 x - 3 atropa-tipped darts
 E - 4 poisoned darts
Armour
 a - a +0 animal skin
 k - a +0 cloak
 q - a +2 robe of willpower (melded)
 s - a +2 robe of fire resistance
Jewellery
 i - a ring of willpower
 n - a +6 ring of strength (right branch)
 v - an amulet of reflection (around neck)
 C - a +6 ring of strength (left branch)
 F - a ring of fire
Talismans
 c - a beast talisman
 d - a flux talisman
 p - a serpent talisman
Wands
 r - a wand of flame (5)
Scrolls
 e - a scroll of teleportation
 h - 2 scrolls of enchant armour
 j - 2 scrolls of immolation
 l - a scroll of enchant weapon
 t - 3 scrolls of blinking
 w - a scroll of noise
 y - 2 scrolls of poison
 A - a scroll of fog
Potions
 b - a potion of lignification
 m - 2 potions of mutation


   Skills:
 + Level 5.3 Fighting
 + Level 4.8 Dodging
 + Level 5.2 Stealth
 * Level 9.1 Unarmed Combat
 + Level 5.2 Shapeshifting


You had 8 spell levels left.
You didn't know any spells.
Your spell library contained the following spells:

 Spells                   Type           Power      Damage    Failure   Level
 Poisonous Vapours        Pois/Air       0%         N/A       47%         2
 Mephitic Cloud           Conj/Pois/Air  0%         N/A       71%         3
 Ozocubu's Armour         Ice            0%         N/A       71%         3
 Tukima's Dance           Hex            0%         N/A       71%         3
 Passage of Golubria      Tloc           0%         N/A       98%         4
 Freezing Cloud           Conj/Ice/Air   0%         6-21      100%        5
 Yara's Violent Unravell  Hex/Tmut       0%         3d3       100%        5
 Ozocubu's Refrigeration  Ice            0%         4d7       100%        7


Dungeon Overview and Level Annotations

Branches:
Dungeon (7/15)             Temple (1/1) D:7

Altars:
Ashenzari
Cheibriados
Dithmenos
Elyvilon
Fedhas
Gozag
Hepliaklqana
Kikubaaqudgha
Makhleb
Okawaru
Qazlal
Ru
Sif Muna
Uskayaw
Vehumet
Wu Jian
Xom
Yredelemnul
The Shining One

Shops:
D:4 ?

Annotations:
D:3 scroll
D:7 Pikel


Innate Abilities, Weirdness & Mutations

You are a tree.
Your roots penetrate the ground, keeping you stationary.
You cannot be teleported.
You are immune to unholy pain and torment.
Your maximum health is greatly increased.
Your equipment is partially melded.
((You have a beak for a mouth.))
((You have claws for feet.))
Your magical flight helps you evade attacks. (EV +4)
You can magically evade attacks while moving or waiting.


Message History

You feel very sick. The killer bee stings you.
You are more poisoned.
The killer bee poisons you! The killer bee barely misses you.
The killer bee stings you but does no damage. x3
Pikel is engulfed in poison gas.
Pikel looks even sicker.
The centaur shoots an arrow.
The arrow hits you but does no damage.
The killer bee stings you but does no damage.
The killer bee barely misses you.
The killer bee stings you but does no damage. x2
The killer bee stings you.
* * * LOW HITPOINT WARNING * * *
You feel better.
You feel less invigorated. The killer bee stings you. x2
The killer bee stings you but does no damage. x2
You block the killer bee's attack.
The centaur shoots an arrow.
The arrow hits you!
* * * LOW HITPOINT WARNING * * *
Pikel looks even sicker.
The killer bee stings you but does no damage.
The killer bee barely misses you.
The killer bee stings you but does no damage. x2
The killer bee stings you.
* * * LOW HITPOINT WARNING * * *
The centaur shoots an arrow.
The arrow hits you!
* * * LOW HITPOINT WARNING * * *
Okay, then.
You barely miss the killer bee.
The killer bee is almost dead.
The killer bee stings you but does no damage. x4
You block the killer bee's attack.
Pikel is engulfed in poison gas.
Pikel looks as sick as possible!
The centaur shoots an arrow.
The arrow hits you.
* * * LOW HITPOINT WARNING * * *
You closely miss the killer bee.
The killer bee is almost dead.
You block the killer bee's attack. The killer bee stings you.
* * * LOW HITPOINT WARNING * * *
The killer bee stings you but does no damage.
The killer bee stings you.
You die...

...................##
.....°§§○○§☼°○.°§○°§#.#
.....☼.○°§○○°.☼°☼☼°§#.# .#
......☼○§☼°.§°°...☼...##.#
.......§°§○§○.§○.§§○..<#.#
..y...☼§○☼..°§§).☼°#.....
..$...○§☼○.§°§○§°○☼#....#
......☼§○○Kyy§○☼.○°○....#####
.....5§.○§c°♣PP....#.#.......
.....§§○.☼☼yyy§P.°°§..†######
.....§§§§○§○°○○P§☼○§......).#
......§☼.°.§§PP°..°○..#####.#
......§§§§°.§§§§§☼☼#### #.#
...°..○§..○○○..°☼########.#
.☼°§§☼○°☼..§°.§○.........
§§☼☼○°.○○☼§.○.#########.
.............# #.


You could see Pikel (extremely poisoned, weak-willed), a lemure (weak-willed), a
centaur (weak-willed) and 5 killer bees.

Vanquished Creatures
  Sigmund (D:3)
  A water moccasin (D:5)
  A hornet zombie (D:5)
  An ice beast (D:7)
  3 ogres
  2 phantoms
  3 bullfrogs
  A kobold brigand (D:7)
  A gnoll sergeant (D:5)
  4 necrophages (D:5)
  2 scorpions
  A water moccasin zombie (D:5)
  A wight (D:5)
  A killer bee (D:7)
  4 electric eels (D:6)
  A bullfrog zombie (D:5)
  A human zombie (D:5)
  2 orc priests (D:6)
  2 jellies
  A sleepcap (D:5)
  Jessica (D:2)
  2 iguanas (D:6)
  2 orc wizards
  A scorpion zombie (D:5)
  A mummy (D:5)
  3 gnolls (D:5)
  A howler monkey zombie (D:5)
  13 adders
  A white imp (D:6)
  An ufetubus (D:3)
  4 worms
  3 dart slugs
  15 orcs
  4 endoplasms
  5 giant cockroaches
  4 goblins
  8 hobgoblins
  8 jackals (D:2)
  5 quokkas
  11 ball pythons
  5 bats
  2 frilled lizards (D:1)
  8 kobolds
  6 rats
148 creatures vanquished.

Notes
Turn   | Place    | Note
-------+----------+-------------------------------------------
     0 | D:1      | RepoMan the Tengu Shapeshifter began the quest for the Orb.
     0 | D:1      | Reached XP level 1. HP: 12/12 MP: 2/2
   212 | D:1      | Reached XP level 2. HP: 16/16 MP: 3/3
   844 | D:2      | Reached skill level 4 in Unarmed Combat
   844 | D:2      | Reached XP level 3. HP: 20/20 MP: 4/4
  1213 | D:2      | Noticed Jessica
  1317 | D:2      | Reached XP level 4. HP: 20/26 MP: 5/5
  1566 | D:2      | Killed Jessica
  1716 | D:3      | Noticed Sigmund
  1725 | D:3      | Killed Sigmund
  1726 | D:3      | Reached skill level 1 in Stealth
  1726 | D:3      | Reached skill level 5 in Unarmed Combat
  1726 | D:3      | Reached XP level 5. HP: 23/31 MP: 6/6
  1726 | D:3      | Reached XP level 6. HP: 27/36 MP: 7/7
  1892 | D:3      | Found a snail-covered altar of Cheibriados.
  2232 | D:3      | Found an iron altar of Okawaru.
  2232 | D:3      | Found a broken altar of Ashenzari.
  2432 | D:3      | Found a white marble altar of Elyvilon.
  2642 | D:4      | Found Zowkuske's Magic Scroll Shoppe.
  2760 | D:4      | Bought a scroll of blinking for 105 gold pieces
  2760 | D:4      | Bought a scroll of identify for 28 gold pieces
  2760 | D:4      | Bought a scroll of identify for 28 gold pieces
  2821 | D:4      | Found a shimmering blue altar of Sif Muna.
  3016 | D:4      | Reached skill level 6 in Unarmed Combat
  3016 | D:4      | Gained mutation: Your magical flight helps you evade
                  | attacks. (EV +4) [Tengu growth]
  3016 | D:4      | Reached XP level 7. HP: 31/41 MP: 8/8
  3365 | D:5      | Entered Level 5 of the Dungeon
  3535 | D:5      | You are sucked into a shaft and drop 2 floors!
  3689 | D:5      | Reached skill level 7 in Unarmed Combat
  3689 | D:5      | Reached XP level 8. HP: 48/48 MP: 9/9
  4459 | D:5      | Reached skill level 8 in Unarmed Combat
  4486 | D:5      | Reached XP level 9. HP: 40/52 MP: 10/10
  4547 | D:5      | Found an ancient bone altar of Kikubaaqudgha.
  4718 | D:6      | Reached skill level 5 in Fighting
  4791 | D:6      | Reached skill level 5 in Shapeshifting
  4854 | D:6      | Found a sacrificial altar of Ru.
  4996 | D:6      | Reached skill level 5 in Stealth
  5593 | D:7      | Reached skill level 9 in Unarmed Combat
  5624 | D:7      | Found a staircase to the Ecumenical Temple.
  5647 | Temple   | Entered the Ecumenical Temple
  5654 | Temple   | Became a worshipper of the Wu Jian Council
  5694 | D:7      | Noticed Pikel
  5706 | D:7      | HP: 3/81 [centaur/arrow (3)]
  5707 | D:7      | Slain by a killer bee

Illustrated notes

Levels and vault maps discovered:
D:1:      amcnicky_arrival_feature_with_door, layout_basic
D:2:      layout_basic, hangedman_decor_opposing,
          chequers_serial_rivers_micro_a, grunt_ministairs_4, uniq_jessica
D:3:      layout_rooms, gammafunk_temple_overflow_pools, cheibriados_altar_1,
          lemuel_coloured_pillars_altar, serial_curves, eino_curves_01,
          eino_curves_02, minmay_statues_item, kennysheep_generic_room_11,
          uniq_sigmund
D:4:      layout_basic, lemuel_round_altar, kennysheep_windowed_goal
D:5:      layout_loops_ring, lemuel_mausoleum_altar_kikubaaqudgha
D:6:      layout_loops_corners, mainiacjoe_overflow_tiny_flanked, serial_bayou,
          serial_bayou_lagoon_b, serial_bayou_pond_c, serial_bayou_pond_c,
          serial_bayou_lagoon_a, dreamdust_mushroom_princess, minivault_26
D:7:      gammafunk_beogh_shrine, layout_basic, minmay_temple_entry_overgrown,
          uniq_jeremiah, uniq_pikel
Temple:   hellmonk_temple_two_chambers

Skill      XL: |  1  2  3  4  5  6  7  8  9 |
---------------+----------------------------+-----
Unarmed Combat | 4 5 6 7 8 9 |  9.1
Shapeshifting  | 3 4 5 |  5.2
Fighting       | 2 3 4 5 |  5.3
Stealth        | 1 2 3 4 5 |  5.2
Dodging        | 4 |  4.8

Action                     |  1- 3 |  4- 6 |  7- 9 || total
---------------------------+-------+-------+-------++-------
  Melee: Unarmed           |    68 |    91 |   153 ||   312
         Kick              |    20 |    24 |    45 ||    89
         Peck              |    11 |    11 |    24 ||    46
         Punch             |       |     1 |     3 ||     4
  Throw: Stone             |    11 |     8 |     2 ||    21
         Boomerang         |       |       |    36 ||    36
         Throwing net      |       |       |     1 ||     1
         Dart              |       |       |     3 ||     3
  Evoke: Wand              |       |     2 |    13 ||    15
    Use: Scroll            |       |     5 |     8 ||    13
         Potion            |       |       |     8 ||     8
   Stab: Sleeping          |     4 |     4 |    10 ||    18
         Distracted        |       |       |     2 ||     2
         Invisible         |       |       |     1 ||     1
 Armour: Animal skin       |    18 |       |       ||    18
         Robe              |       |    26 |    26 ||    52
         Skin              |       |       |   166 ||   166
  Dodge: Dodged            |    30 |    29 |    76 ||   135
  Block: Other             |       |    10 |    40 ||    50
         Reflection        |       |       |     1 ||     1

Table legend: (Time is in decaauts)
 A = Elapsed time spent in this place.
 B = Non-inter-level travel time spent in this place.
 C = Inter-level travel time spent in this place.
 D = Time resting spent in this place.
 E = Time spent auto-exploring this place.
 F = Levels seen in this place.
 G = Mean time per level.
                   A        B        C        D        E       F      G
               +--------+--------+--------+--------+--------+-----+--------+
         Total |   5685 |   5382 |    303 |    430 |   3178 |   8 |  710.6 |
       Dungeon |   5671 |   5368 |    303 |    430 |   3178 |   7 |  810.1 |
        Temple |     13 |     13 |      0 |      0 |      0 |   1 |   13.0 |
               +--------+--------+--------+--------+--------+-----+--------+

Top non-repeatable levels by time:
     D:5: 1090 daAuts
     D:6: 972 daAuts
     D:4: 875 daAuts
     D:2: 861 daAuts
     D:1: 827 daAuts
     D:3: 793 daAuts
     D:7: 251 daAuts
  Temple: 13 daAuts
